 Dungeon Crawl Stone Soup version 0.23.2-1-ga50397a6bc (webtiles) character file.

Game seed: 12343605217960827528

105 Kobolds4U the Skirmisher (level 4, -1/38 HPs)
             Began as a Demonspawn Berserker on Apr 26, 2019.
             Was a Believer of Trog.
             Slain by a sky beast (2 damage)
             ... on level 3 of the Dungeon.
             The game lasted 00:04:14 (2082 turns).

Kobolds4U the Skirmisher (Demonspawn Berserker)     Turns: 2082, Time: 00:04:14

Health: -1/38      AC:  9    Str: 17    XL:     4   Next: 53%
Magic:  4/4        EV: 10    Int:  8    God:    Trog [**....]
Gold:   123        SH:  0    Dex: 14    Spells: 3/3 levels left

rFire    . . .     SeeInvis .   a - +0 falchion
rCold    + . .     Gourm    .   (no shield)
rNeg     . . .     Faith    .   q - +0 scale mail
rPois    .         Spirit   .   (no helmet)
rElec    .         Reflect  .   (no cloak)
rCorr    .         Harm     .   m - +0 pair of gloves
MR       .....                  f - +0 pair of boots
Stlth    ..........             (no amulet)
HPRegen  0.12/turn              (no ring)
MPRegen  0.09/turn              (no ring)

@: no status effects
A: rugged brown scales 1, cold resistance 1
a: Berserk, Trog's Hand, Renounce Religion


You were on level 3 of the Dungeon.
You worshipped Trog.
Trog was pleased with you.
You were not hungry.

You visited 1 branch of the dungeon, and saw 3 of its levels.

You collected 123 gold pieces.

Inventory:

Hand Weapons
 a - a +0 falchion (weapon)
Armour
 b - a +0 animal skin
 d - a +0 plate armour
 f - a +0 pair of boots (worn)
 i - a +0 leather armour
 m - a +0 pair of gloves (worn)
 q - a +0 scale mail (worn)
Scrolls
 g - 2 scrolls of blinking {unknown}
 j - 5 scrolls of identify {unknown}
 n - a scroll of immolation {unknown}
 o - 2 scrolls of remove curse {unknown}
 p - 2 scrolls of teleportation {unknown}
Potions
 e - 4 potions of curing {unknown}
 h - a potion of invisibility {unknown}
 l - a potion of might {unknown}
 r - a potion of heal wounds {unknown}
 s - a potion of brilliance {unknown}
Comestibles
 c - 6 rations


   Skills:
 + Level 4.3 Fighting
 + Level 3.8 Long Blades
 - Level 1.7 Armour
 - Level 2.0 Dodging


You had 3 spell levels left.
You didn't know any spells.
Your spell library was empty.

Dungeon Overview and Level Annotations

Branches:
Dungeon (3/15)

Altars:
Gozag
Hepliaklqana
Zin


Innate Abilities, Weirdness & Mutations

You are partially covered in rugged brown scales. (AC +1, +3% HP)
Your flesh is cold resistant. (rC+)


Message History

The sky beast is severely wounded.
The sky beast barely misses you.
You riposte.
You hit the sky beast.
The sky beast is severely wounded.
You hit the sky beast but do no damage.
The sky beast is severely wounded.
The sky beast hits you but does no damage.
You closely miss the sky beast.
The sky beast is severely wounded.
The sky beast flickers out of sight!
Deactivating autopickup; reactivate with Ctrl-A.
Something hits you. Something shocks you.
* * * LOW HITPOINT WARNING * * *
You miss something. Something hits you.
* * * LOW HITPOINT WARNING * * *
Something shocks you.
* * * LOW HITPOINT WARNING * * *
You closely miss something.
A sky beast appears from thin air!
Reactivating autopickup.
The sky beast hits you.
You die...

... #.##.# . #.##.# #.
#.##.# #. #.##.# ###
.#.. #.##.#######...
#.... #.##.##...##.####
......##.##.............
......Y@...............#
............####.##..._.
.$.....###### #..##...#.
#...... #..##...(.
.#..... #..###..#.
#..... ##......<.
#.#.... ##.##..##
.#.#$.# ##....# ###..#


You could see a sky beast.

Vanquished Creatures
  A gnoll (D:1)
  3 adders
  3 worms (D:2)
  A dart slug (D:3)
  2 leopard geckos (D:1)
  9 bats
  9 goblins
  6 hobgoblins
  5 jackals
  3 quokkas (D:2)
  A frilled lizard (D:1)
  2 kobolds
  7 rats
52 creatures vanquished.

Notes
Turn   | Place    | Note
-------+----------+-------------------------------------------
     0 | D:1      | Kobolds4U the Demonspawn Berserker began the quest for the
                  | Orb.
     0 | D:1      | Reached XP level 1. HP: 18/18 MP: 1/1
     0 | D:1      | Noticed a large abomination
     0 | D:1      | Noticed a large abomination
     1 | D:1      | Noticed an iron dragon
     6 | D:1      | Noticed an iron dragon
     7 | D:1      | Noticed an iron dragon
     9 | D:1      | Noticed a shadow dragon
    11 | D:1      | Noticed an ice dragon
    14 | D:1      | Noticed a shadow dragon
    14 | D:1      | Noticed a tentacled monstrosity
    16 | D:1      | Noticed a tentacled monstrosity
    18 | D:1      | Noticed a tentacled monstrosity
    18 | D:1      | Noticed an orb of fire
    20 | D:1      | Noticed an iron dragon
    22 | D:1      | Noticed an orb of fire
    41 | D:1      | Gained mutation: You are partially covered in rugged brown
                  | scales. (AC +1, +3% HP) [demonic ancestry]
    41 | D:1      | Reached XP level 2. HP: 5/24 MP: 2/2
   625 | D:1      | Reached XP level 3. HP: 28/29 MP: 3/3
  1028 | D:1      | Reached ** piety under Trog
  1205 | D:2      | Reached skill level 4 in Fighting
  1205 | D:2      | Gained mutation: Your flesh is cold resistant. (rC+)
                  | [demonic ancestry]
  1205 | D:2      | Reached XP level 4. HP: 31/38 MP: 4/4
  1539 | D:2      | Found an opulent altar of Gozag.
  1860 | D:2      | Found a glowing silver altar of Zin.
  2027 | D:3      | Found a hazy altar of Hepliaklqana.
  2053 | D:3      | Noticed a sky beast
  2081 | D:3      | HP: 1/38 [something (6)]
  2082 | D:3      | Slain by a sky beast

Skill      XL: |  1  2  3 |
---------------+----------+-----
Dodging        | 2 |  2.0
Long Blades    | 3 |  3.8
Fighting       | 4 |  4.3
Armour         | |  1.7

Action                   |  1- 3 |  4- 6 || total
-------------------------+-------+-------++-------
Melee: Falchion          |    94 |    98 ||   192
 Stab: Sleeping          |     1 |       ||     1
  Eat: Chunk             |     1 |     3 ||     4
Armor: Animal skin       |     7 |       ||     7
       Leather armour    |    29 |     3 ||    32
       Scale mail        |       |    35 ||    35
Dodge: Dodged            |    98 |    38 ||   136
       Rpst.: Falchion   |    37 |    16 ||    53
